 Dungeon Crawl Stone Soup version 0.17.0-28-g6e173f8 (webtiles) character file.

79 Arkorax the Insei (level 4, -1/28 HPs)
             Began as an Octopode Transmuter on Nov 22, 2015.
             Slain by a worm (11 damage)
             ... on level 2 of the Dungeon.
             The game lasted 00:05:09 (2574 turns).

Arkorax the Insei (Octopode Transmuter)             Turns: 2574, Time: 00:05:10

Health: -1/28      AC:  2    Str:  9    XL:     4   Next: 37%
Magic:  7/7        EV: 12    Int: 15    God:
Gold:   51         SH:  0    Dex: 13    Spells: 2 memorised, 3 levels left

rFire  . . .     SeeInvis .       - Unarmed
rCold  . . .     Clarity  .     (no shield)
rNeg   . . .     SustAt   .     s - +1 hat
rPois  .         Gourm    .     u - amulet of regeneration
rElec  .         Spirit   .     r - ring of protection from magic
rCorr  .         Warding  .     (no ring)
rMut   .         Stasis   .     (no ring)
MR     +....                    (no ring)
Stlth  ++........               (no ring)
                                (no ring)
                                (no ring)
                                (no ring)

@: somewhat resistant to hostile enchantments, unstealthy
A: almost no armour, amphibious, 8 rings, constrict 8, camouflage 1, gelatinous
body 1
a: no special abilities


You were on level 2 of the Dungeon.
You were not hungry.

You visited 1 branch of the dungeon, and saw 3 of its levels.

You collected 51 gold pieces.

Inventory:

Missiles
 a - 59 arrows
Armour
 s - a +1 hat (worn)
Jewellery
 j - an uncursed amulet of faith
 r - a ring of protection from magic (left tentacle)
 u - an amulet of regeneration (around mantle)
Scrolls
 f - 2 scrolls of remove curse {unknown}
 i - a scroll of identify {unknown}
 l - a scroll of random uselessness {unknown}
 o - 3 scrolls of teleportation {unknown}
 p - a scroll of fear {unknown}
 q - 2 scrolls of immolation {unknown}
 t - a scroll of magic mapping {unknown}
Potions
 d - a potion of curing {unknown}
 e - a potion of resistance {unknown}
 h - a potion of degeneration {unknown}
 k - a potion of invisibility {unknown}
 m - 2 potions of heal wounds {unknown}
 n - a potion of haste {unknown}
 v - a potion of lignification {unknown}
Books
 b - a book of Changes

   Spells                             Type                      Level
   a - Beastly Appendage              Transmutation                1
   b - Sticks to Snakes               Transmutation                2
   c - Spider Form                    Transmutation/Poison         3
   d - Ice Form                       Ice/Transmutation            4
   e - Blade Hands                    Transmutation                5
Comestibles
 c - 2 bread rations
 g - a meat ration


   Skills:
 - Level 1.0 Fighting
 - Level 2.0 Dodging
 + Level 3.7 Unarmed Combat
 - Level 2.0 Spellcasting
 + Level 3.3 Transmutations
 * Level 2.0 Poison Magic


You had 3 spell levels left.
You knew the following spells:

 Your Spells              Type           Power        Failure   Level  Hunger
a - Beastly Appendage     Trmt           ##....       8%          1    #......
b - Spider Form           Trmt/Pois      #.........   24%         3    ###....


Dungeon Overview and Level Annotations

Branches:
Dungeon (3/15)

Altars:
Dithmenos


Innate Abilities, Weirdness & Mutations

You cannot wear most types of armour.
You are amphibious.
You can wear up to eight rings at the same time.
You can use your tentacles to constrict eight enemies at once.
Your skin changes colour to match your surroundings (Stealth).
Your rubbery body absorbs attacks (AC +1).


Message History

You start resting.
Your transformation is almost over.
You start resting.
Magic restored.
There is a stone staircase leading down here.
You climb downwards.
A gnoll and an orc come into view.
The gnoll shouts!
The orc hits you with a hand axe. The orc closely misses you.
The orc barely misses you. The worm bites you.
A quokka and a gnoll come into view.
There is a stone staircase leading up here.
The orc hits you but does no damage.
The gnoll hits you from afar with a spear!
The orc hits you with a hand axe.
You climb upwards.
There is a stone staircase leading down here.
Your tentacle spike disappears.
The orc hits you with an enchanted flail.
The worm bites you!
You die...

........#.#.#............# #.#
........#.#.#............# #.#
.###.#..#.#..............# #.# .#
#.##.#.###............# #.# .#
#.##.#.# #............# #.#
.###.##.#.######..#############.#
......#.#.......................#
#######.########wo###############
....# #.........@>o.)............
###.# #########################.#
..#.# #.# #.#.# #.# #.#.# #.#
#.#.# #.# #.#.######### #.#
............# #.# #.#.#######.#
#.#


You could see a worm and 2 orcs.

Vanquished Creatures
  2 adders (D:2)
  A worm (D:2)
  2 giant geckos
  An orc (D:2)
  9 hobgoblins
  6 jackals (D:1)
  A ball python (D:1)
  8 bats
  A giant cockroach (D:2)
  A giant newt (D:2)
  8 goblins
  6 kobolds
  7 rats
53 creatures vanquished.

Notes
Turn   | Place    | Note
--------------------------------------------------------------
     0 | D:1      | Arkorax the Octopode Transmuter began the quest for the Orb.
     0 | D:1      | Reached XP level 1. HP: 13/13 MP: 3/3
   376 | D:1      | Reached XP level 2. HP: 16/18 MP: 5/5
   817 | D:1      | Reached XP level 3. HP: 19/23 MP: 6/6
  1670 | D:2      | Learned a level 3 spell: Spider Form
  1781 | D:2      | Reached skill level 1 in Poison Magic
  1781 | D:2      | Reached XP level 4. HP: 28/28 MP: 5/7
  1857 | D:2      | Found a shadowy altar of Dithmenos.
  2574 | D:2      | Slain by a worm

Action                   |  1- 3 |  4- 6 || total
-------------------------+-------+-------++-------
Melee: Unarmed           |   100 |    24 ||   124
 Cast: Beastly Appendage |    18 |     5 ||    23
 Stab: Sleeping          |     5 |     1 ||     6
  Eat: Chunk             |     3 |     1 ||     4
       Meat ration       |       |     1 ||     1
